 Dungeon Crawl Stone Soup version 0.20.0-14-g326068f (webtiles) character file.

1754272 Raukatau the Slayer (level 26, 246/261 HPs)
             Began as a Minotaur Berserker on June 7, 2017.
             Was the Champion of Trog.
             Escaped with the Orb
             ... and 3 runes on June 9, 2017!
             The game lasted 07:58:23 (63729 turns).

Raukatau the Slayer (Minotaur Berserker)           Turns: 63729, Time: 07:58:24

Health: 246/261    AC: 46    Str: 26    XL:     26   Next: 78%
Magic:  31/31      EV: 20    Int:  6    God:    Trog [******]
Gold:   3961       SH: 20    Dex: 16    Spells: 25/25 levels left

rFire    + + +     SeeInvis .   M - +10 broad axe of Inference {freeze, MP+9}
rCold    + + .     Gourm    .   G - +1 shield {reflect}
rNeg     . . .     Faith    .   r - +11 crystal plate armour
rPois    +         Spirit   .   (helmet restricted)
rElec    +         Reflect  +   D - scarf {rC+ rF+}
rCorr    .         Harm     .   l - +0 pair of gloves {rF+}
MR       +++..                  O - +0 pair of boots of Liberalism {*Corrode +Blink MR++ Stlth-}
Stlth    ..........             N - amulet "Ketydov" {+Rage rElec rF+ Slay-2}
Regen    0.6/turn               S - ring "Nodghyh" {rC+ AC+1}
MPRegen  0.3/turn               y - ring of poison resistance

@: no status effects
A: retaliatory headbutt, horns 2, talons 1, large bone plates 1, screaming 1,
wild magic 1
0: Orb of Zot
}: 3/15 runes: decaying, silver, gossamer
a: Berserk, Trog's Hand, Brothers in Arms, Burn Spellbooks, Renounce Religion,
Evoke Blink, Evoke Berserk Rage


You escaped.
You worshipped Trog.
Trog was exalted by your worship.
You were not hungry.

You visited 9 branches of the dungeon, and saw 49 of its levels.
You visited 1 bazaar.
You also visited: Labyrinth, Trove and Bailey.

You collected 6723 gold pieces.
You spent 2762 gold pieces at shops.

Inventory:

Hand Weapons
 d - a +9 antimagic broad axe
 k - a +2 hand crossbow of flaming
 M - the +10 broad axe of Inference (weapon) {freeze, MP+9}
   (You bought it in a shop on level 2 of the Elven Halls)

   It has been specially enchanted to freeze those struck by it, causing extra
   injury to most foes and up to half again as much damage against particularly
   susceptible opponents.
   It can also slow down cold-blooded creatures.
   It affects your magic capacity (+9).
Missiles
 b - 4 throwing nets (quivered)
 E - 1877 bolts
Armour
 l - a +0 pair of gloves of fire resistance (worn)
 r - a +11 crystal plate armour (worn)
 D - a scarf of resistance (worn)
 G - a +1 shield of reflection (worn)
 L - a +2 pair of boots of flying
 O - the +0 pair of boots of Liberalism (worn) {*Corrode +Blink MR++ Stlth-}
   (You bought it in a shop on level 6 of the Dungeon)

   It affects your resistance to hostile enchantments.
   It lets you blink.
   It may corrode you when you take damage.
   It makes you less stealthy.
Jewellery
 g - an uncursed ring of protection from magic
 y - a ring of poison resistance (right hand)
 F - an uncursed ring of see invisible
 H - an uncursed ring of resist corrosion
 N - the amulet "Ketydov" (around neck) {+Rage rElec rF+ Slay-2}
   (You found it on level 3 of the Elven Halls)

   [amulet of rage]

   It affects your accuracy and damage with ranged weapons and melee attacks
   (-2).
   It protects you from fire.
   It insulates you from electricity.
   It lets you go berserk.
 R - the ring of the Firefly {Fire rPois Int+4 Dex-3 Stlth+}
   (You took it off a deep elf master archer on level 3 of the Elven Halls)

   [ring of fire]

   It enhances your fire magic.
   It affects your intelligence (+4).
   It affects your dexterity (-3).
   It protects you from fire.
   It makes you vulnerable to cold.
   It protects you from poison.
   It makes you more stealthy.
 S - the ring "Nodghyh" (left hand) {rC+ AC+1}
   (You found it on level 3 of the Elven Halls)

   [ring of protection]

   It affects your AC (+1).
   It protects you from cold.
 V - a +4 ring of strength
Wands
 p - a wand of confusion (37/48)
 x - a wand of digging (10/24)
 W - a wand of acid (8/15)
Scrolls
 a - 7 scrolls of recharging
 e - 15 scrolls of remove curse
 h - 6 scrolls of immolation
 q - 11 scrolls of blinking
 s - 2 scrolls of holy word
 t - 20 scrolls of teleportation
 v - 3 scrolls of silence
 A - 3 scrolls of summoning
 B - 6 scrolls of fog
 C - 10 scrolls of fear
 I - a scroll of brand weapon
 P - a scroll of magic mapping
 X - 3 scrolls of identify
 Y - a scroll of enchant weapon
Potions
 f - 12 potions of lignification
 i - 11 potions of mutation
 j - 6 potions of might
 o - 7 potions of agility
 u - 8 potions of curing
 z - 4 potions of heal wounds
 K - 10 potions of cancellation
 Q - 3 potions of invisibility
 T - a potion of resistance
 U - 6 potions of haste
 Z - 11 potions of flight
Miscellaneous
 J - a box of beasts
Comestibles
 c - 32 bread rations
 w - 25 meat rations


   Skills:
 + Level 26.2 Fighting
 - Level 26.0 Axes
 + Level 26.0 Armour
 + Level 23.0 Dodging
 - Level 17.2 Shields


You had 25 spell levels left.
You didn't know any spells.

Dungeon Overview and Level Annotations

Branches:
Dungeon (15/15)            Temple (0/1) D:4            Lair (6/6) D:9
  Swamp (4/4) Lair:4       Spider (4/4) Lair:2        Slime (0/5) Lair:5
    Orc (2/2) D:10            Elf (3/3) Orc:2        Vaults (5/5) D:13
  Crypt (0/3) Vaults:2     Depths (5/5) D:15            Zot (5/5) Depths:5

Altars:
Ashenzari
Kikubaaqudgha
Nemelex Xobeh
Okawaru
Qazlal
Ru
Sif Muna
Trog
Vehumet
Xom
Yredelemnul
Zin
Jiyva

Shops:
D:6 [   D:10 =   D:12 [   Orc:2 [*=(   Elf:2 *?*   Elf:3 [?:   Depths:1 }}=
Depths:5 ?

Portals:
Hell: Depths:1 Depths:2 Depths:3 Depths:4 Depths:5
Abyss: Depths:3 Depths:4
Pandemonium: Depths:3 Depths:5
Ziggurat: Depths:4


Innate Abilities, Weirdness & Mutations

You reflexively headbutt those who attack you in melee.
You have a pair of horns on your head.
You have sharp toenails.
You are partially covered in large bone plates. (SH +4)
You occasionally shout uncontrollably at your foes.
Your spells are a little harder to cast, but a little more powerful.


Message History

There is a stone staircase leading down here.
You see here 2 scrolls of noise.
There is a stone staircase leading up here.
You climb upwards.
There is a stone staircase leading down here.
There is a stone staircase leading up here.
You climb upwards.
There is a stone staircase leading down here.
Mirha comes into view.
Mirha shouts, "Back with thee lest death find thee!"
All of the chunks of flesh in your inventory have rotted away.
Mirha gestures at you. The bolt of lightning hits you! You resist.
The bolt of lightning hits you! You resist.
Press: ? - help, v - describe, . - travel The floor.
There is an open door here.
Mirha gestures.
There is a staircase leading out of the dungeon here.
You have escaped!

##....####......#...........#####
.#......#########..L......#....#.
......#......###...........###...
#............................##..
#.##.#..##...............###)..##
#....#..........&.......## #..#.#
####....#.....##'##....## #..##.
##........##...##...# ##..###
#........#..@..#...####..###.
#...#....##...##...##....##.#
##.........##'##....##....#.##
####..#.#..............#...###.#
.....#..#..............#.### #.#
##.###.##.......######...# #.##
##...#.####.......###....# #...
#..#.#.# #..####..##..########..#
..#....###.####......#......#...#


You could see Mirha and a lich.

Vanquished Creatures
  5 orbs of fire (Zot:5)
  An ancient lich (Depths:4)
  2 juggernauts (Depths:4)
  Sojobo (Depths:5)
  Bai Suzhen (Spider:3)
  A large abomination (Vaults:4)
  the Lernaean hydra (Swamp:4)
  3 Killer Klowns (Zot:5)
  A caustic shrike (Depths:4)
  Saint Roka (Depths:1)
  3 golden dragons
  the Enchantress (Depths:1)
  Nikola (Swamp:2)
  A bone dragon (Depths:5)
  3 liches
  2 electric golems (Zot:5)
  11 tentacled monstrosities
  25 Orb Guardians (Zot:5)
  3 deep elf blademasters
  2 titans
  A quicksilver dragon (shapeshifter) (D:15)
  4 quicksilver dragons
  The ghost of humperndinck the Severer, an adept HOBe of Trog (Swamp:3)
  Kirke (D:12)
  8 death cobs
  Agnes (Spider:3)
  4 sphinxes
  7 tengu reavers
  10 shadow dragons
  A storm dragon (shapeshifter) (Depths:5)
  The ghost of Lavandula the Spry, an adept MfMo of Dithmenos (Spider:4)
  A thorn hunter (Swamp:4)
  5 draconian monks
  Donald (Vaults:1)
  2 azure jellies (Vaults:4)
  8 storm dragons
  An azure jelly (shapeshifter) (Depths:3)
  7 deep elf sorcerers
  5 fire giants
  9 frost giants
  Aizul (Depths:1)
  4 ghost moths
  An orc warlord (Orc:2)
  2 iron dragons
  4 draconian knights
  4 emperor scorpions
  4 draconian stormcallers
  A balrug (Depths:1)
  11 vault wardens
  2 deep elf elementalists (Elf:3)
  3 draconian annihilators
  A ghoul (Vaults:4)
  6 draconian shifters
  3 spriggan defenders (Depths:1)
  16 ironheart preservers
  21 very ugly things
  10 entropy weavers
  25 stone giants
  5 war gargoyles
  A stone giant (shapeshifter) (Depths:3)
  8 green draconians
  2 vampire knights (Depths:2)
  7 deep elf annihilators
  Nessos (Lair:5)
  Azrael (D:12)
  7 deep elf demonologists
  7 red draconians
  9 black draconians
  7 purple draconians
  9 white draconians
  7 yellow draconians
  10 crystal guardians (Depths:3)
  Snorg (D:12)
  7 spark wasps
  10 deep elf death magi
  14 ettins
  A green death (Depths:5)
  13 great orbs of eyes
  3 deep elf high priests
  9 fire dragons
  Fannar (Orc:1)
  14 ogre magi
  12 yaktaur captains
  5 rakshasas
  8 centaur warriors
  A monstrous demonspawn (Depths:4)
  31 vault guards
  16 hydras
  11 alligators
  A ghost crab (Swamp:4)
  6 ice dragons
  2 two-headed ogres (shapeshifter)
  7 spriggan air magi
  45 dancing weapons
  2 death knights (Vaults:5)
  40 two-headed ogres
  7 death yaks
  10 deep troll earth magi
  2 death yaks (shapeshifter)
  3 deep troll shamans
  10 tengu warriors
  A shock serpent (Depths:3)
  6 spriggan berserkers
  2 soul eaters
  3 sun demons
  A fire crab (shapeshifter) (D:15)
  2 shadow wraiths
  18 deep elf knights
  A skeletal warrior (Vaults:5)
  A glowing orange brain (shapeshifter) (Vaults:3)
  17 deep trolls
  A shambling mangrove (Swamp:1)
  3 flayed ghosts
  3 torturous demonspawn
  4 unseen horrors
  11 glowing orange brains
  2 spriggan druids (Swamp:4)
  A deep troll (shapeshifter) (Depths:3)
  12 deep elf archers
  4 wizards
  4 obsidian statues (Depths:3)
  A lindwurm (shapeshifter) (Depths:3)
  3 harpies (Vaults:4)
  19 swamp dragons
  An orange crystal statue (Orc:2)
  5 phantasmal warriors (Vaults:5)
  A wolf spider zombie (D:14)
  78 deep elf magi
  16 orc knights
  16 ironbrand convokers
  9 orc sorcerers
  16 orb spiders
  3 lindwurms (Lair:5)
  8 cyclopes
  5 necromancers
  A shining eye (shapeshifter) (Depths:4)
  31 ugly things
  34 wolf spiders
  A fire giant zombie (Vaults:1)
  4 manticores
  22 moths of wrath
  2 salamanders (shapeshifter)
  2 oklob plants (Lair:5)
  A cyclops (shapeshifter) (Depths:3)
  2 worldbinders (Vaults:4)
  10 elephants
  Maurice (D:13)
  2 ice statues (Vaults:4)
  7 black mambas
  A guardian serpent (Lair:6)
  18 vault sentinels
  A torpor snail (Spider:4)
  3 smoke demons (Depths:3)
  5 molten gargoyles
  3 gargoyles (Depths:3)
  A guardian serpent (shapeshifter) (Depths:4)
  An orange demon (Depths:4)
  7 freezing wraiths
  4 komodo dragons
  18 spiny frogs
  An efreet (D:15)
  11 demonic crawlers
  2 human skeletons (Vaults:1)
  41 yaktaurs
  9 trolls
  3 meliai (Lair:5)
  A queen bee (Lair:5)
  27 jumping spiders
  2 tengu conjurers
  3 hellwings
  5 wind drakes (Depths:3)
  A small abomination (Vaults:5)
  A harpy skeleton (D:15)
  14 hornets
  17 blink frogs
  A tyrant leech (shapeshifter) (Depths:2)
  12 hippogriffs
  8 tyrant leeches
  47 slime creatures
  9 bog bodies
  A raiju (shapeshifter) (Depths:4)
  3 raiju (Depths:3)
  20 air elementals
  A meliai zombie (D:15)
  55 redbacks
  4 spriggans
  3 shadows
  40 tarantellas
  A centaur simulacrum (D:15)
  15 water elementals
  17 humans (D:13)
  4 wraiths
  3 basilisks (Lair:6)
  15 wyverns
  A human (shapeshifter) (Depths:3)
  A ynoxinul (Depths:5)
  36 yaks
  6 hogs
  2 chaos spawn (Depths:5)
  17 fire elementals
  A steam dragon (D:9)
  A hog (shapeshifter) (Vaults:1)
  4 hungry ghosts
  9 wargs
  A soldier ant (shapeshifter) (Depths:2)
  23 swamp worms
  13 vampire mosquitoes
  10 insubstantial wisps
  2 soldier ants
  A harpy simulacrum (Vaults:4)
  5 acid dragons
  An acid dragon (shapeshifter) (D:15)
  3 hell hounds (D:12)
  A water moccasin (shapeshifter) (Vaults:4)
  A hydra simulacrum (Vaults:4)
  18 water moccasins
  7 porcupines
  A porcupine (shapeshifter) (D:14)
  19 swamp drakes
  51 orc warriors
  An ice beast (shapeshifter) (Vaults:5)
  7 ice beasts
  3 necrophages
  A fire dragon simulacrum (Vaults:4)
  A sky beast (shapeshifter) (Vaults:3)
  3 sky beasts
  A black bear (shapeshifter) (D:15)
  A tengu (shapeshifter) (Depths:3)
  2 black mamba simulacra (Vaults:4)
  11 wolves
  An eye of draining (D:15)
  5 phantoms
  2 black bears
  An orc skeleton (Vaults:1)
  18 boggarts
  A human zombie (Vaults:1)
  31 ogres
  15 crocodiles
  8 centaurs
  A big kobold (D:7)
  24 bullfrogs
  12 earth elementals
  A wyvern skeleton (D:11)
  4 scorpions
  An elephant simulacrum (Vaults:4)
  85 killer bees
  3 wights (D:13)
  2 howler monkeys (D:9)
  5 electric eels
  7 crimson imps
  4 centaur zombies
  5 lava snakes
  4 human simulacra
  8 jellies
  15 orc priests
  7 hounds
  A hound (shapeshifter) (Vaults:1)
  19 orc wizards
  3 bullfrog skeletons
  6 centaur skeletons
  An iguana (shapeshifter) (Vaults:1)
  Jessica (D:3)
  4 iguanas
  Natasha (twice) (D:3)
  17 worker ants
  2 hound zombies (D:7)
  2 hound skeletons
  11 gnolls
  2 naga simulacra (Vaults:4)
  10 adders
  4 shadow imps
  An adder zombie (D:10)
  An adder skeleton (D:8)
  22 worms
  A ball lightning (Depths:3)
  2 dart slugs
  8 leopard geckos
  95 orcs
  3 ball pythons
  A bat (shapeshifter) (Vaults:5)
  6 giant cockroaches
  8 hobgoblins
  14 jackals
  6 quokkas
  A ball python skeleton (D:5)
  10 bats
  2 frilled lizards
  15 goblins
  2 jackal skeletons (D:5)
  14 kobolds
  A leopard gecko zombie (D:9)
  6 rats
  A briar patch (Swamp:4)
  A crawling corpse (Vaults:5)
  7 fungi
  11 plants
2356 creatures vanquished.

Vanquished Creatures (collateral kills)
  Mara (Vaults:5)
  Arachne (Spider:2)
  2 deep elf master archers (Elf:3)
  A sphinx (Vaults:5)
  A ghost moth (Spider:4)
  A vault warden (Vaults:5)
  An emperor scorpion (Spider:4)
  2 stone giants
  A very ugly thing (Depths:5)
  An entropy weaver (Spider:4)
  2 ironheart preservers
  An ettin (shapeshifter) (Vaults:5)
  A minotaur (Lab)
  A deep elf death mage (Vaults:5)
  A deep elf high priest (Vaults:5)
  A hydra (Lair:2)
  4 vault guards (Vaults:5)
  A rakshasa (Depths:4)
  A deep troll earth mage (Depths:5)
  A deep elf knight (Elf:2)
  A flayed ghost (Depths:4)
  An ironbrand convoker (Vaults:5)
  An orc knight (Orc:2)
  5 orb spiders
  A deep elf mage (Elf:2)
  2 vault sentinels (Vaults:5)
  A rime drake (Lair:2)
  A demonic crawler (Spider:3)
  A komodo dragon (Lair:2)
  A jumping spider (Spider:4)
  A hornet (Swamp:1)
  A tarantella (Spider:4)
  5 redbacks (Spider:4)
  A hungry ghost (D:11)
  An orc warrior (Orc:1)
  An ogre (Orc:1)
  4 orcs
55 creatures vanquished.

Vanquished Creatures (others)
  A stone giant (Vaults:4)
  A yaktaur captain (Depths:5)
  A merfolk javelineer (Depths:5)
  A centaur warrior (Depths:4)
  A deep elf archer (Elf:2)
  2 yaktaurs
  A swamp drake (Swamp:4)
  A boggart (Depths:1)
  An ogre (Vaults:3)
  8 ball lightnings (Depths:3)
  An orc (Vaults:5)
  A bush (Lair:6)
  52 fungi
  29 plants
101 creatures vanquished.

Grand Total: 2512 creatures vanquished

Notes
Turn   | Place    | Note
-------+----------+-------------------------------------------
     0 | D:1      | Raukatau the Minotaur Berserker began the quest for the Orb.
     0 | D:1      | Reached XP level 1. HP: 19/19 MP: 0/0
    98 | D:1      | Reached XP level 2. HP: 22/26 MP: 1/1
   645 | D:2      | Reached skill level 5 in Axes
   694 | D:2      | Reached ** piety under Trog
   732 | D:2      | Reached XP level 3. HP: 31/31 MP: 2/2
   770 | D:2      | Found a faded altar of an unknown god.
  1307 | D:2      | Reached XP level 4. HP: 36/39 MP: 3/3
  1744 | D:3      | Noticed Natasha
  1753 | D:3      | Killed Natasha
  1753 | D:3      | Reached XP level 5. HP: 45/45 MP: 4/4
  1806 | D:3      | Found a glowing silver altar of Zin.
  1812 | D:3      | Found an iron altar of Okawaru.
  1820 | D:3      | Noticed Jessica
  1827 | D:3      | Killed Jessica
  1900 | D:3      | Noticed Natasha
  1907 | D:3      | Killed Natasha
  2336 | D:3      | Reached *** piety under Trog
  2374 | D:3      | Reached XP level 6. HP: 51/51 MP: 5/5
  3001 | D:4      | Noticed an ice beast
  3006 | D:4      | Killed an ice beast
  3492 | D:4      | Found a staircase to the Ecumenical Temple.
  3701 | D:5      | Entered Level 5 of the Dungeon
  3750 | D:5      | Reached XP level 7. HP: 47/57 MP: 6/6
  3754 | D:5      | Reached skill level 10 in Axes
  4508 | D:5      | Reached XP level 8. HP: 64/64 MP: 7/7
  4878 | D:6      | Reached **** piety under Trog
  4879 | D:6      | Found Utomazah's Antique Armour Shop.
  4897 | D:6      | Bought a pair of warped boots for 237 gold pieces
  4902 | D:6      | Identified the cursed +0 pair of boots of Liberalism {*Corrode +Blink MR++ Stlth-} (You bought it in a shop on level 6 of the Dungeon)
  5145 | D:6      | Found a bloodstained altar of Trog.
  5313 | D:7      | Found a stormy altar of Qazlal.
  5776 | D:7      | Reached XP level 9. HP: 54/70 MP: 8/8
  5847 | D:7      | Found a flagged portal.
  5854 | Bailey   | Entered a bailey
  7255 | Bailey   | Reached skill level 5 in Fighting
  8080 | Bailey   | Reached skill level 5 in Armour
  8290 | Bailey   | Noticed an orc knight
  8304 | Bailey   | Killed an orc knight
  9561 | D:8      | Reached XP level 10. HP: 88/88 MP: 9/9
  9678 | D:8      | Received a gift from Trog
 10028 | D:8      | Noticed a two-headed ogre
 10038 | D:8      | Killed a two-headed ogre
 10071 | D:8      | Reached skill level 15 in Axes
 10103 | D:8      | Noticed a cyclops
 10111 | D:8      | Killed a cyclops
 10661 | D:9      | Reached ***** piety under Trog
 10832 | D:9      | Reached XP level 11. HP: 68/99 MP: 10/10
 10848 | D:9      | Reached skill level 10 in Fighting
 10854 | D:9      | Paralysed by a hornet for 2 turns
 11088 | D:9      | Paralysed by a hornet for 2 turns
 11245 | D:9      | Found a staircase to the Lair.
 11278 | D:9      | Received a gift from Trog
 11283 | D:9      | Got a fine demon blade {god gift}
 11284 | D:9      | Identified the +1 demon blade "Bowux" {slice, *Rage MR+ Str+5} (Trog gifted it to you on level 9 of the Dungeon)
 11625 | D:10     | Entered Level 10 of the Dungeon
 11780 | D:10     | Found a shattered altar of Ashenzari.
 11814 | D:10     | Found Danigem's Jewellery Boutique.
 11880 | D:10     | Found a deep blue altar of Sif Muna.
 12089 | D:10     | Found a staircase to the Orcish Mines.
 12667 | D:11     | Killed an unseen horror
 12865 | D:11     | Noticed a two-headed ogre
 12873 | D:11     | Received a gift from Trog
 12878 | D:11     | Killed a two-headed ogre
 12878 | D:11     | Reached XP level 12. HP: 65/111 MP: 11/11
 14116 | Orc:1    | Entered Level 1 of the Orcish Mines
 14121 | Orc:1    | Noticed an ogre mage
 14122 | Orc:1    | Noticed a two-headed ogre
 14125 | Orc:1    | Noticed a two-headed ogre
 14240 | Lair:1   | Entered Level 1 of the Lair of Beasts
 14241 | Lair:1   | Upgraded the game from 0.20.0-10-g0535bb4 to 0.20.0-14-g326068f
 15089 | Lair:2   | Found a hole to the Spider Nest.
 15306 | Lair:2   | Noticed a seven-headed hydra
 15333 | Lair:2   | Killed a seven-headed hydra
 16265 | Lair:3   | Reached skill level 5 in Dodging
 17287 | Lair:4   | Found a staircase to the Swamp.
 17422 | Lair:4   | Identified a scroll of acquirement
 17721 | Lair:4   | Received a gift from Trog
 18024 | Lair:4   | Noticed an alligator
 18038 | Lair:4   | Killed an alligator
 18038 | Lair:4   | Reached XP level 13. HP: 111/118 MP: 12/12
 18412 | Lair:4   | Got a faintly glowing long sword
 18414 | Lair:4   | Identified the +7 long sword "Ciruckit" {protect, rF- Int+6} (You found it on level 4 of the Lair of Beasts)
 19044 | Lair:5   | Found a labyrinth entrance.
 19058 | Lab      | Entered a labyrinth
 19177 | Lab      | Noticed a minotaur
 19186 | Lab      | Killed a minotaur
 19200 | Lab      | Got a pitted chain mail
 19251 | Lair:5   | Identified the +4 chain mail of Fanaticism {-Cast MR+++ Regen+ Slay+3} (You found it in a labyrinth)
 19668 | Lair:5   | Found a staircase to the Slime Pits.
 19668 | Lair:5   | Found a viscous altar of Jiyva.
 19936 | Lair:5   | Noticed Nessos
 19947 | Lair:5   | Killed Nessos
 20552 | Lair:6   | Entered Level 6 of the Lair of Beasts
 20601 | Lair:6   | Reached XP level 14. HP: 126/126 MP: 13/13
 20669 | Lair:6   | Reached skill level 10 in Dodging
 20759 | Lair:6   | Received a gift from Trog
 22060 | Orc:1    | You fall through a shaft!
 22060 | Orc:2    | Entered Level 2 of the Orcish Mines
 22072 | Orc:2    | Found Ifovou's Jewellery Shop.
 22136 | Orc:2    | Found Bifyer's Antique Weapon Boutique.
 22151 | Orc:2    | Received a gift from Trog
 22216 | Orc:2    | Found a staircase to the Elven Halls.
 22450 | Orc:1    | Noticed Fannar
 22464 | Orc:1    | Killed Fannar
 22808 | Orc:2    | Noticed an orc warlord
 22822 | Orc:2    | Found Bocluur's Antique Armour Shoppe.
 22827 | Orc:2    | Killed an orc warlord
 22883 | Orc:2    | Bought a bloodstained buckler for 285 gold pieces
 22888 | Orc:2    | Identified the +2 buckler of Hiunk {+Fly} (You bought it in a shop on level 2 of the Orcish Mines)
 22981 | Orc:2    | Reached skill level 1 in Shields
 22999 | Orc:2    | Found Zilo Asa's General Store.
 23330 | Orc:2    | Found a radiant altar of Vehumet.
 23335 | Orc:2    | Reached XP level 15. HP: 134/134 MP: 14/14
 23468 | D:12     | Noticed Kirke
 23536 | D:12     | Killed Kirke
 23591 | D:12     | Reached skill level 5 in Shields
 23637 | D:12     | Received a gift from Trog
 23657 | D:12     | Noticed Azrael
 23670 | D:12     | Killed Azrael
 23745 | D:12     | Found a shattered altar of Ashenzari.
 23821 | D:12     | Noticed Snorg
 23828 | D:12     | Killed Snorg
 23878 | D:12     | Found Xafre's Antique Armour Emporium.
 24232 | D:13     | Found Jial's Jewellery Shop.
 24503 | D:13     | Noticed Maurice
 24523 | D:13     | Killed Maurice
 24536 | D:13     | Paralysed by a hornet for 2 turns
 24945 | D:13     | Reached ****** piety under Trog
 24945 | D:13     | Received a gift from Trog
 24976 | D:13     | Found a gate to the Vaults.
 25291 | D:14     | Found a portal to a secret trove of treasure.
 25777 | D:14     | Found a shimmering altar of Xom.
 25876 | D:14     | Gained mutation: You possess an exceptional clarity of mind. [mutagenic meat]
 25877 | D:14     | Gained mutation: Armour fits poorly on your strangely shaped body. [mutagenic meat]
 26096 | D:15     | Entered Level 15 of the Dungeon
 26133 | D:15     | Found a flickering gateway to a bazaar.
 26152 | Bazaar   | Entered a bazaar
 26167 | Bazaar   | Found Riosup's Weapon Emporium.
 26167 | Bazaar   | Found Heschazi's General Store.
 26188 | Bazaar   | Found Vaidd's Book Emporium.
 26188 | Bazaar   | Found Gaonn's Antique Weapon Shoppe.
 26210 | Bazaar   | Found Zadd's Assorted Antiques.
 26289 | Bazaar   | Found Yliedweu's Antique Armour Emporium.
 26377 | D:15     | Reached XP level 16. HP: 73/146 MP: 15/15
 26490 | D:15     | Found a sacrificial altar of Ru.
 26527 | D:14     | Gained mutation: Your mind is acute. (Int +2) [mutagenic meat]
 26758 | D:15     | Received a gift from Trog
 27130 | D:15     | Lost mutation: You possess an exceptional clarity of mind. [mutagenic meat]
 27131 | D:15     | Gained mutation: Your mind is very acute. (Int +4) [mutagenic meat]
 27143 | D:15     | Gained mutation: Your magical capacity is low. (-10% MP) [mutagenic meat]
 27144 | D:15     | Gained mutation: You have sharp toenails. [mutagenic meat]
 27170 | D:15     | Found a staircase to the Depths.
 27173 | D:15     | Noticed a quicksilver dragon
 27173 | D:15     | an iron troll changed into a quicksilver dragon
 27182 | D:15     | Killed a quicksilver dragon
 27225 | D:15     | Gained mutation: You are robust. (+10% HP) [mutagenic meat]
 27870 | Spider:1 | Entered Level 1 of the Spider Nest
 27885 | Spider:1 | Received a gift from Trog
 28221 | Spider:1 | Reached skill level 15 in Fighting
 28311 | Spider:1 | Got a heavily runed scale mail
 28322 | Spider:1 | Identified the +3 scale mail of Guyc Hext {Int+4} (You found it on level 1 of the Spider Nest)
 29294 | Spider:2 | Noticed Arachne
 29305 | Spider:2 | Killed Arachne
 30061 | Spider:3 | Noticed Bai Suzhen
 30077 | Spider:3 | Killed Bai Suzhen
 30083 | Spider:3 | Reached XP level 17. HP: 157/173 MP: 14/14
 30169 | Spider:3 | Noticed Agnes
 30180 | Spider:3 | Killed Agnes
 30421 | Spider:4 | Entered Level 4 of the Spider Nest
 30616 | Spider:3 | Reached skill level 10 in Armour
 31253 | Spider:4 | Received a gift from Trog
 31724 | Spider:4 | Got a gossamer rune of Zot
 31866 | Spider:4 | Noticed Lavandula's ghost (adept MfMo)
 32247 | Spider:4 | Killed Lavandula's ghost
 32568 | Swamp:1  | Entered Level 1 of the Swamp
 32707 | Swamp:1  | Received a gift from Trog
 32843 | Swamp:1  | Got an ancient quarterstaff
 32846 | Swamp:1  | Identified the +9 quarterstaff of the Poles {freeze, rF- rC+ MP+9 Str+5} (You found it on level 1 of the Swamp)
 33742 | Swamp:2  | Noticed Nikola
 33765 | Swamp:2  | Killed Nikola
 33774 | Swamp:2  | Reached XP level 18. HP: 176/189 MP: 15/15
 34600 | Swamp:3  | Noticed humperndinck's ghost (adept HOBe)
 34613 | Swamp:3  | Killed humperndinck's ghost
 34989 | Swamp:4  | Entered Level 4 of the Swamp
 35208 | Swamp:4  | Received a gift from Trog
 35844 | Swamp:4  | Noticed the 27-headed Lernaean hydra
 36010 | Swamp:4  | Killed the 26-headed Lernaean hydra
 36300 | Swamp:4  | Got a decaying rune of Zot
 36624 | Elf:1    | Entered Level 1 of the Elven Halls
 36653 | Elf:1    | Found a radiant altar of Vehumet.
 36722 | Elf:1    | Reached skill level 15 in Armour
 36744 | Elf:1    | Received a gift from Trog
 37432 | Elf:1    | Received a gift from Trog
 37534 | Elf:2    | Reached XP level 19. HP: 191/203 MP: 16/16
 37559 | Elf:2    | Found Liatsutin's Magic Scroll Boutique.
 37559 | Elf:2    | Found Jaubol's Assorted Antiques.
 37606 | Elf:2    | Bought a small iron ring for 160 gold pieces
 37606 | Elf:2    | Bought a faintly glowing broad axe for 288 gold pieces
 37609 | Elf:2    | Identified the +10 broad axe of Inference {freeze, MP+9} (You bought it in a shop on level 2 of the Elven Halls)
 37656 | Elf:2    | Found a huge runed gate.
 37656 | Elf:2    | Found a huge runed gate.
 37656 | Elf:2    | Found a huge runed gate.
 37656 | Elf:2    | Found a huge runed gate.
 37659 | Elf:2    | Found a huge runed gate.
 37844 | Elf:2    | Found Doin's Elven Fire.
 37877 | Elf:2    | Bought a +0 pair of gloves of fire resistance for 126 gold pieces
 37877 | Elf:2    | Bought an uncursed ring of protection from fire for 275 gold pieces
 38137 | Elf:2    | Received a gift from Trog
 38606 | Elf:3    | Entered Level 3 of the Elven Halls
 38731 | Elf:3    | Found Xavviun's Magic Scroll Shop.
 38740 | Elf:3    | Found Geuf's Book Emporium.
 38862 | Elf:3    | Found an ancient bone altar of Kikubaaqudgha.
 38992 | Elf:3    | Found Ivolek's Armour Shop.
 39329 | Elf:3    | Received a gift from Trog
 39762 | Elf:3    | Identified the Disquisition on Quantum Ignition
 39878 | Elf:3    | Got a bloodstained ring mail
 39884 | Elf:3    | Got a distressingly furry plate armour
 39928 | Elf:3    | Identified the +5 ring mail of Foeloin Wiqo {rC+++ Int+2} (You found it on level 3 of the Elven Halls)
 39938 | Elf:3    | Identified the +4 plate armour "Zecuitugh" {rN+ Str-3 Int+3 Dex+4} (You took it off a deep elf master archer on level 3 of the Elven Halls)
 39982 | Elf:3    | Got a shimmering ivory amulet
 39983 | Elf:3    | Identified the amulet "Ketydov" {+Rage rElec rF+ Slay-2} (You found it on level 3 of the Elven Halls)
 40086 | Elf:3    | Got a steaming iron ring
 40098 | Elf:3    | Got a faintly glowing granite ring
 40107 | Elf:3    | Identified the ring of the Firefly {Fire rPois Int+4 Dex-3 Stlth+} (You took it off a deep elf master archer on level 3 of the Elven Halls)
 40108 | Elf:3    | Identified the ring "Nodghyh" {rC+ AC+1} (You found it on level 3 of the Elven Halls)
 40475 | Vaults:1 | Entered Level 1 of the Vaults
 40500 | Vaults:1 | Noticed Donald
 40516 | Vaults:1 | Killed Donald
 40758 | Vaults:1 | Received a gift from Trog
 40903 | Vaults:1 | Reached XP level 20. HP: 194/217 MP: 17/17
 41413 | Vaults:1 | Reached skill level 10 in Shields
 41481 | Vaults:1 | Received a gift from Trog
 41721 | Vaults:2 | Received a gift from Trog
 41971 | Vaults:2 | Found a staircase to the Crypt.
 41971 | Vaults:2 | Found a basalt altar of Yredelemnul.
 41972 | Vaults:2 | Found an ancient bone altar of Kikubaaqudgha.
 42939 | Vaults:3 | Received a gift from Trog
 43035 | Vaults:3 | Reached skill level 15 in Shields
 43678 | Vaults:3 | Reached XP level 21. HP: 216/224 MP: 17/17
 44238 | Vaults:4 | Found a shattered altar of Ashenzari.
 44311 | Vaults:4 | Received a gift from Trog
 44790 | Vaults:4 | Identified the Reference Book on the Snowflakes
 45294 | Vaults:4 | Received a gift from Trog
 45512 | Vaults:4 | Identified Dispater's Handbook of Calling
 45668 | Vaults:5 | Entered Level 5 of the Vaults
 45689 | Vaults:5 | Reached skill level 15 in Dodging
 45789 | Vaults:5 | Noticed Mara
 45793 | Vaults:5 | Noticed Raukatau's illusion
 45821 | Vaults:5 | Noticed Raukatau's illusion
 45828 | Vaults:5 | HP: 6/336 [stone giant (15)]
 45837 | Vaults:5 | HP: 7/224 [stone giant (30)]
 45852 | Vaults:5 | Killed Mara
 45852 | Vaults:5 | Reached XP level 22. HP: 47/234 MP: 18/18
 45902 | Vaults:5 | Received a gift from Trog
 46488 | Vaults:5 | Received a gift from Trog
 47393 | Vaults:5 | Got an ancient zirconium amulet
 47407 | Vaults:5 | Identified the amulet "Tauto" {*Drain rC+ Regen+ Stlth+} (You took it off a vault sentinel on level 5 of the Vaults)
 47693 | Vaults:5 | Got a silver rune of Zot
 48215 | Vaults:5 | Got a spiked ring mail
 48231 | Vaults:5 | Identified the +5 ring mail of the Abyss {rN+ Dex+5} (You found it on level 5 of the Vaults)
 48642 | Elf:2    | Bought a scroll of enchant armour for 112 gold pieces
 48642 | Elf:2    | Bought a scroll of enchant armour for 112 gold pieces
 48673 | Elf:3    | Received a gift from Trog
 48745 | Elf:3    | Bought a +0 crystal plate armour for 1040 gold pieces
 49120 | Depths:1 | Entered Level 1 of the Depths
 49120 | Depths:1 | Noticed Aizul
 49136 | Depths:1 | Killed Aizul
 49317 | Depths:1 | Noticed Saint Roka
 49336 | Depths:1 | Killed Saint Roka
 49590 | Depths:1 | Found a gateway to Hell.
 49599 | Depths:1 | Got a heavily runed plate armour
 49600 | Depths:1 | Identified the cursed +1 plate armour of the Bouncing Lives {rC+ Regen+} (You found it on level 1 of the Depths)
 49761 | Depths:1 | Reached XP level 23. HP: 243/243 MP: 19/19
 50293 | Depths:1 | Noticed the Enchantress
 50634 | Depths:1 | Killed the Enchantress
 50679 | Depths:1 | Got faerie dragon scales
 51255 | Depths:1 | Received a gift from Trog
 51292 | Depths:1 | Found Laesuol's Gadget Emporium.
 51293 | Depths:1 | Found Zahuf's Jewellery Boutique.
 51294 | Depths:1 | Found Nez Soty's Gadget Emporium.
 51497 | D:14     | You paid a toll of 3 potions of resistance to enter a treasure trove
 51498 | Trove    | Entered a treasure trove
 51507 | Trove    | Got a faintly glowing halberd
 51519 | Trove    | Got a steaming large shield
 51521 | Trove    | Got a pitted glass ring
 51548 | D:14     | Identified the cursed +2 halberd of the Unstoppable Runes {protect, rF++ rN+ Str-3 Dex+4} (You found it in a treasure trove)
 51551 | D:14     | Identified the ring "Gazavuffo" {Int+2 Stlth+} (You found it in a treasure trove)
 51552 | D:14     | Identified the +0 large shield of Defiance {Int+4} (You found it in a treasure trove)
 52435 | Depths:2 | Found a sparkling altar of Nemelex Xobeh.
 52976 | Depths:2 | Received a gift from Trog
 53127 | Depths:2 | Identified a +1 pair of boots of running (You acquired it on level 2 of the Depths)
 53469 | Depths:3 | Received a gift from Trog
 54451 | Depths:3 | Received a gift from Trog
 54508 | Depths:3 | Found a one-way gate to the infinite horrors of the Abyss.
 54518 | Depths:3 | Got a wavering crystal amulet
 54519 | Depths:3 | Identified the amulet of Xesseas {Gourm Str+3 Dex+8} (You found it on level 3 of the Depths)
 54691 | Depths:3 | Found a one-way gate leading to the halls of Pandemonium.
 55358 | Depths:4 | Found a gateway to a ziggurat.
 55358 | Depths:4 | Noticed an ancient lich
 55397 | Depths:4 | Reached XP level 24. HP: 246/257 MP: 19/19
 55494 | Depths:4 | Killed an ancient lich
 56215 | Depths:4 | Found a bloodstained altar of Trog.
 56378 | Depths:4 | Got an ichor-stained broad axe {chop}
 56379 | Depths:4 | Identified the +4 broad axe of Hitohar {chop, -Tele Int+4 Stlth+} (You took it off a rakshasa on level 4 of the Depths)
 56458 | Depths:4 | Noticed a juggernaut
 56467 | Depths:4 | Killed a juggernaut
 56476 | Depths:4 | Noticed a juggernaut
 56484 | Depths:4 | Killed a juggernaut
 56521 | Depths:4 | Received a gift from Trog
 56968 | Depths:5 | Entered Level 5 of the Depths
 57030 | Depths:5 | Noticed Sojobo
 57051 | Depths:5 | Killed Sojobo
 57550 | Depths:5 | Found Plog's Magic Scroll Shop.
 57558 | Depths:5 | Bought a scroll of enchant armour for 127 gold pieces
 57670 | Depths:5 | Gained mutation: You tend to lose your temper in combat. [mutagenic meat]
 57671 | Depths:5 | Lost mutation: Armour fits poorly on your strangely shaped body. [mutagenic meat]
 57673 | Depths:5 | Lost mutation: Your mind is very acute. (Int +4) [mutagenic meat]
 57674 | Depths:5 | Gained mutation: You expend magic power (3 MP) to strengthen your wands. [mutagenic meat]
 57675 | Depths:5 | Gained mutation: Your body sometimes deteriorates upon taking damage. [mutagenic meat]
 57676 | Depths:5 | Gained mutation: Your magical capacity is very low. (-20% MP) [mutagenic meat]
 57677 | Depths:5 | Lost mutation: You expend magic power (3 MP) to strengthen your wands. [mutagenic meat]
 57678 | Depths:5 | Gained mutation: Your muscles are strong. (Str +2) [mutagenic meat]
 57679 | Depths:5 | Lost mutation: You tend to lose your temper in combat. [mutagenic meat]
 57680 | Depths:5 | Gained mutation: You can translocate small distances at will. [mutagenic meat]
 57681 | Depths:5 | Gained mutation: Armour fits poorly on your strangely shaped body. [mutagenic meat]
 57683 | Depths:5 | Lost mutation: Armour fits poorly on your strangely shaped body. [potion of mutation]
 57683 | Depths:5 | Lost mutation: You can translocate small distances at will. [potion of mutation]
 57683 | Depths:5 | Lost mutation: Your mind is acute. (Int +2) [potion of mutation]
 57683 | Depths:5 | Lost mutation: Your magical capacity is very low. (-20% MP) [potion of mutation]
 57683 | Depths:5 | Lost mutation: Your body sometimes deteriorates upon taking damage. [potion of mutation]
 57683 | Depths:5 | Gained mutation: Your mind is acute. (Int +2) [potion of mutation]
 57683 | Depths:5 | Lost mutation: Your mind is acute. (Int +2) [potion of mutation]
 57683 | Depths:5 | Gained mutation: You have razor-sharp toenails. [potion of mutation]
 57683 | Depths:5 | Gained mutation: Your natural rate of healing is unusually fast. [potion of mutation]
 57684 | Depths:5 | Lost mutation: Your natural rate of healing is unusually fast. [potion of mutation]
 57684 | Depths:5 | Lost mutation: Your muscles are strong. (Str +2) [potion of mutation]
 57684 | Depths:5 | Lost mutation: Your magical capacity is low. (-10% MP) [potion of mutation]
 57684 | Depths:5 | Lost mutation: You have razor-sharp toenails. [potion of mutation]
 57684 | Depths:5 | Gained mutation: Your spells are a little easier to cast, but a little less powerful. [potion of mutation]
 57684 | Depths:5 | Gained mutation: You have sharp fingernails. [potion of mutation]
 57685 | Depths:5 | Lost mutation: You have sharp toenails. [potion of mutation]
 57685 | Depths:5 | Lost mutation: Your spells are a little easier to cast, but a little less powerful. [potion of mutation]
 57685 | Depths:5 | Lost mutation: You have sharp fingernails. [potion of mutation]
 57685 | Depths:5 | Gained mutation: You are surrounded by a mild repulsion field. (EV +2) [potion of mutation]
 57685 | Depths:5 | Gained mutation: Your spells are a little harder to cast, but a little more powerful. [potion of mutation]
 57686 | Depths:5 | Lost mutation: You are robust. (+10% HP) [potion of mutation]
 57686 | Depths:5 | Lost mutation: Your spells are a little harder to cast, but a little more powerful. [potion of mutation]
 57686 | Depths:5 | Lost mutation: You are surrounded by a mild repulsion field. (EV +2) [potion of mutation]
 57686 | Depths:5 | Gained mutation: You are weak. (Str -2) [potion of mutation]
 57686 | Depths:5 | Gained mutation: Scrolls take you a little longer to read. [potion of mutation]
 57686 | Depths:5 | Gained mutation: You are partially covered in large bone plates. (SH +4) [potion of mutation]
 57687 | Depths:5 | Lost mutation: You are weak. (Str -2) [potion of mutation]
 57687 | Depths:5 | Lost mutation: Scrolls take you a little longer to read. [potion of mutation]
 57687 | Depths:5 | Lost mutation: You are partially covered in large bone plates. (SH +4) [potion of mutation]
 57687 | Depths:5 | Gained mutation: Armour fits poorly on your strangely shaped body. [potion of mutation]
 57687 | Depths:5 | Gained mutation: Your muscles are strong. (Str +2) [potion of mutation]
 58264 | Depths:5 | Received a gift from Trog
 58537 | Depths:5 | Found a gate to the Realm of Zot.
 58802 | Zot:1    | Entered Level 1 of the Realm of Zot
 58846 | Zot:1    | Reached XP level 25. HP: 245/245 MP: 22/22
 60326 | Zot:3    | Received a gift from Trog
 60669 | Zot:5    | Entered Level 5 of the Realm of Zot
 61527 | Zot:5    | Noticed an orb of fire
 61546 | Zot:5    | Killed an orb of fire
 61566 | Zot:5    | Received a gift from Trog
 61573 | Zot:5    | Reached XP level 26. HP: 144/258 MP: 22/22
 61633 | Zot:5    | Noticed an orb of fire
 61637 | Zot:5    | Gained mutation: You are occasionally teleported next to monsters. [an orb of fire]
 61639 | Zot:5    | Gained mutation: You expend magic power (3 MP) to strengthen your wands. [an orb of fire]
 61645 | Zot:5    | Killed an orb of fire
 61789 | Zot:5    | Lost mutation: Your muscles are strong. (Str +2) [potion of mutation]
 61789 | Zot:5    | Lost mutation: You are occasionally teleported next to monsters. [potion of mutation]
 61789 | Zot:5    | Lost mutation: You expend magic power (3 MP) to strengthen your wands. [potion of mutation]
 61789 | Zot:5    | Lost mutation: Armour fits poorly on your strangely shaped body. [potion of mutation]
 61789 | Zot:5    | Gained mutation: You have sharp toenails. [potion of mutation]
 61789 | Zot:5    | Gained mutation: Your spells are a little harder to cast, but a little more powerful. [potion of mutation]
 61789 | Zot:5    | Gained mutation: You are partially covered in large bone plates. (SH +4) [potion of mutation]
 62416 | Zot:5    | Noticed an orb of fire
 62427 | Zot:5    | Gained mutation: You occasionally shout uncontrollably at your foes. [an orb of fire]
 62433 | Zot:5    | Killed an orb of fire
 62574 | Zot:5    | Noticed an orb of fire
 62591 | Zot:5    | Killed an orb of fire
 62677 | Zot:5    | Noticed an orb of fire
 62691 | Zot:5    | Killed an orb of fire
 63077 | Zot:5    | Got the Orb of Zot
 63139 | Zot:3    | Received a gift from Trog
 63380 | Depths:3 | Noticed Qaediecou the pandemonium lord
 63721 | D:1      | Noticed Mirha the pandemonium lord
 63729 | D:$      | Escaped with the Orb!

Skill      XL: |  1  2  3  4  5  6  7  8  9 10 11 12 13 14 15 16 17 18 19 20 21 22 23 24 25 26 |
---------------+-------------------------------------------------------------------------------+-----
Axes           | 4 5 7 8 9 11 13 14 16 18 20 21 23 24 26 | 26.0
Fighting       | 7 9 11 12 14 15 18 20 21 22 24 25 26 | 26.2
Armour         | 7 8 13 15 17 19 21 22 23 25 26 | 26.0
Dodging        | 6 9 11 13 15 17 19 20 22 23 | 23.0
Shields        | 2 5 8 16 17 | 17.2

Action                   |  1- 3 |  4- 6 |  7- 9 | 10-12 | 13-15 | 16-18 | 19-21 | 22-24 | 25-27 || total
-------------------------+-------+-------+-------+-------+-------+-------+-------+-------+-------++-------
Melee: Hand axe          |    89 |   118 |   219 |       |       |       |       |       |       ||   426
       Headbutt          |     8 |    17 |    43 |   151 |   198 |   273 |   299 |   480 |   209 ||  1678
       War axe           |       |       |    55 |   752 |   585 |    69 |       |       |       ||  1461
       Executioner's axe |       |       |       |       |   230 |  1037 |    22 |       |       ||  1289
       Broad axe         |       |       |       |       |       |       |  1107 |  1643 |   741 ||  3491
 Fire: Hunting sling     |       |       |    24 |       |       |       |       |       |       ||    24
       Arbalest          |       |       |    17 |       |    15 |    29 |       |       |       ||    61
       Hand crossbow     |       |       |       |       |       |       |    14 |     7 |       ||    21
Throw: Tomahawk          |       |     2 |       |       |       |       |       |       |       ||     2
Invok: Berserk           |     4 |     7 |    17 |    19 |    25 |    31 |    21 |    31 |    12 ||   167
       Trog's Hand       |       |       |     6 |       |     1 |       |       |     2 |       ||     9
       Brothers in Arms  |       |       |       |     5 |     4 |    10 |     9 |     3 |       ||    31
       Burn Spellbooks   |       |       |       |     2 |     1 |     3 |     7 |    13 |     1 ||    27
Evoke: Wand              |       |       |       |       |     1 |       |       |     1 |     2 ||     4
  Use: Scroll            |       |     5 |    12 |    14 |    10 |     8 |     6 |    26 |    12 ||    93
       Potion            |       |       |     1 |       |     4 |     2 |     6 |     8 |     1 ||    22
 Stab: Distracted        |       |       |       |       |       |     1 |     4 |       |     1 ||     6
       Confused          |       |       |       |       |       |       |       |     1 |       ||     1
  Eat: Chunk             |     4 |    15 |    22 |    28 |    51 |    55 |    43 |    59 |    20 ||   297
       Fruit             |       |       |    11 |       |     1 |    10 |       |     7 |       ||    29
       Royal jelly       |       |       |     1 |     4 |     2 |     4 |       |     4 |     3 ||    18
       Bread ration      |       |       |     1 |     1 |       |       |       |       |       ||     2
       Meat ration       |       |       |       |     1 |       |     1 |     1 |     3 |     1 ||     7
Armor: Ring mail         |     8 |       |       |       |       |       |       |       |       ||     8
       Chain mail        |    26 |    48 |    86 |    49 |   282 |   399 |   251 |    39 |       ||  1180
       Skin              |       |       |    20 |       |       |       |       |     1 |       ||    21
       Troll leather arm |       |       |       |   144 |    25 |       |       |       |       ||   169
       Swamp dragon scal |       |       |       |       |       |   138 |       |       |       ||   138
       Storm dragon scal |       |       |       |       |       |     5 |       |       |       ||     5
       Crystal plate arm |       |       |       |       |       |       |       |   388 |   312 ||   700
Dodge: Dodged            |    60 |    39 |    84 |   334 |   446 |   669 |   337 |   553 |   271 ||  2793
Block: Buckler           |       |       |       |       |     8 |       |       |       |       ||     8
       Shield            |       |       |       |       |       |       |   390 |   885 |   478 ||  1753
       Reflection        |       |       |       |       |       |       |    41 |    74 |     4 ||   119
